 Dungeon Crawl Stone Soup version 0.25-a0-41-g6cf4ce537d (webtiles) character file.

Game seed: 9365291076441025050, levelgen mode: deterministic

742 MrRokkomies the Ducker (level 7, -2/27 HPs)
             Began as a Felid Summoner on Oct 20, 2019.
             Was a Believer of Vehumet.
             Slain by a killer bee (7 damage)
             ... on level 7 of the Dungeon on Oct 21, 2019.
             The game lasted 00:39:19 (9447 turns).

MrRokkomies the Ducker (Felid Summoner)             Turns: 9447, Time: 00:39:19

Health: -2/27      AC:  2    Str:  4    XL:     7   Next: 47%
Magic:  11/15      EV: 21    Int: 19    God:    Vehumet [**....]
Gold:   324        SH:  0    Dex: 16    Spells: 2/16 levels left
                                        Lives:  0   Deaths: 2

rFire    . . .     SeeInvis +   (weapon unavailable)
rCold    . . .     Gourm    .   (shield unavailable)
rNeg     . . .     Faith    .   (armour unavailable)
rPois    .         Spirit   .   (helmet unavailable)
rElec    .         Reflect  .   (cloak unavailable)
rCorr    .         Harm     .   (gloves unavailable)
MR       +....                  (boots unavailable)
Stlth    +++.......             (no amulet)
HPRegen  0.09/turn              (no ring)
MPRegen  0.14/turn              (no ring)

@: lethally poisoned (-2 -> -5), quick
A: very small, no armour, no weapons or thrown items, stealth, claws 1, fangs 3,
see invisible, carnivore, speed 1, shaggy fur 2, slow metabolism 1, sharp paws
a: Renounce Religion


You were on level 7 of the Dungeon.
You worshipped Vehumet.
Vehumet was pleased with you.
You were not hungry.

You visited 2 branches of the dungeon, and saw 8 of its levels.
You also visited: Sewer and Ossuary.

You collected 324 gold pieces.

Inventory:

Wands
 e - a wand of random effects (32)
 i - a wand of polymorph (14)
 o - a wand of paralysis (11)
Scrolls
 a - 2 scrolls of blinking
 d - a scroll of identify
 h - 9 scrolls of teleportation
 j - 5 scrolls of remove curse
 n - 3 scrolls of amnesia
 r - a scroll of magic mapping
Potions
 c - 2 potions of might
 f - 4 potions of ambrosia
 g - 2 potions of flight
 k - 2 potions of curing
 l - 8 potions of invisibility
 m - 3 potions of agility
 p - 2 potions of brilliance
 q - a potion of cancellation {unknown}
Comestibles
 b - 13 rations


   Skills:
 - Level 6.1 Dodging
 - Level 5.0 Stealth
 * Level 5.1 Spellcasting
 - Level 6.0 Summonings
 * Level 4.6 Fire Magic


You had 2 spell levels left.
You knew the following spells:

 Your Spells              Type           Power        Failure   Level  Hunger
a - Summon Small Mammal   Summ           ####         1%          1    None
b - Call Imp              Summ           ####....     1%          2    #......
c - Call Canine Familiar  Summ           ####....     3%          3    ##.....
d - Flame Tongue          Conj/Fire      ##...        4%          1    None
e - Summon Ice Beast      Ice/Summ       ###.....     34%         4    ####...
f - Conjure Flame         Conj/Fire      ##......     14%         3    ##.....

Your spell library contained the following spells:

 Spells                   Type           Power        Failure   Level  Hunger
 Summon Guardian Golem    Hex/Summ       ###.....     11%         3    ##.....
 Summon Lightning Spire   Summ/Air       ###.....     34%         4    ####...


Dungeon Overview and Level Annotations

Branches:
Dungeon (7/15)             Temple (1/1) D:4           Sewer (visited)
Ossuary (visited)

Altars:
Cheibriados
Elyvilon
Fedhas
Gozag
Hepliaklqana
Kikubaaqudgha
Makhleb
Nemelex Xobeh
Okawaru
Qazlal
Ru
Sif Muna
Trog
Uskayaw
Vehumet
Wu Jian
Xom
Yredelemnul
The Shining One

Shops:
D:5 *


Innate Abilities, Weirdness & Mutations

You cannot wear armour.
You are incapable of wielding weapons or throwing items.
Your paws allow you to move quietly. (Stealth)
You have sharp claws.
You have razor-sharp teeth.
You have supernaturally acute eyesight. (SInv)
You are carnivorous and can eat meat at any time.
You cover ground quickly.
You are covered in thick fur. (AC +2)
You have a slow metabolism.
Your sharp claws are effective at attacking unaware monsters.


Message History

A hound and a gnoll come into view.
The gnoll shaman shouts!
You hear a shout!
The killer bee closely misses you.
The hound moves out of view.
The gnoll moves out of view.
A gnoll comes into view. It is wielding a +0 spear.
The killer bee stings you.
You are poisoned.
The killer bee poisons you!
You feel sick.
The gnoll shouts!
You hear a bark!
The killer bee closely misses you.
You feel sick. The killer bee completely misses you.
You feel sick. The killer bee misses you. The gnoll closely misses you.
The killer bee stings you.
* * * LOW HITPOINT WARNING * * *
You feel sick.
You see here a +0 spear.
The killer bee stings you!
You die...

..#.###.................. ..
...#.................#...†...
#.##..#.#.................g....†
##.............).........###..[..
#.......................#####....
#......o................'...##...
#...............).......'...##...
..##....................'...##J..
...#...........$@y.g.gg.## ##....
........#................###.....
###...<5#...............J........
#.....5............##.........##
##....)......(..##..............
##......)....#.###.##.......####
#......÷.....####...##.....##
#....#...#<...# ##.....#...#
####.#####......# .#......#


You could see a gnoll shaman, a killer bee and 2 gnolls.

Vanquished Creatures
  An orc warrior (D:7)
  A sky beast (D:7)
  A phantom (D:6)
  A bullfrog (D:5)
  2 orc priests
  A jelly (D:7)
  An iguana (D:5)
  A worker ant (D:6)
  2 gnolls
  3 adders
  An ooze (D:4)
  An adder zombie (D:7)
  2 leopard geckos
  5 orcs
  3 giant cockroaches
  6 goblins
  4 hobgoblins
  5 jackals
  A quokka (D:4)
  A ball python (D:1)
  8 bats
  2 frilled lizards
  2 gnoll skeletons (Ossuary)
  A goblin zombie (D:5)
  4 kobolds
  A kobold skeleton (Ossuary)
  2 orc skeletons (Ossuary)
  2 rats (D:1)
  A rat zombie (D:5)
66 creatures vanquished.

Vanquished Creatures (collateral kills)
  A wraith (Ossuary)
  A sky beast (D:6)
  An ice beast (D:7)
  An ogre (D:5)
  A phantom (D:5)
  3 bullfrogs
  2 howler monkeys (D:7)
  A crimson imp (D:6)
  A bullfrog skeleton (D:4)
  2 orc priests
  4 hounds
  A jelly (D:5)
  2 iguanas
  3 orc wizards
  2 worker ants
  A mummy (Ossuary)
  6 gnolls
  3 adders
  An adder zombie (D:5)
  3 worms
  4 leopard geckos
  17 orcs
  10 bats
  2 giant cockroaches
  10 goblins
  11 hobgoblins
  12 jackals
  4 quokkas
  2 frilled lizards
  3 gnoll skeletons (Ossuary)
  6 kobolds
  6 kobold skeletons (Ossuary)
  11 orc skeletons (Ossuary)
  A rat (D:1)
139 creatures vanquished.

Grand Total: 205 creatures vanquished

Notes
Turn   | Place    | Note
-------+----------+-------------------------------------------
     0 | D:1      | MrRokkomies the Felid Summoner began the quest for the Orb.
     0 | D:1      | Reached XP level 1. HP: 7/7 MP: 4/4
   208 | D:1      | Reached XP level 2. HP: 11/11 MP: 6/6
   212 | D:1      | Learned a level 2 spell: Call Imp
  1036 | D:1      | Reached XP level 3. HP: 14/14 MP: 7/7
  1148 | D:2      | Found a shimmering altar of Xom.
  2089 | D:3      | Reached XP level 4. HP: 18/18 MP: 5/8
  2341 | D:3      | Found a glowing drain.
  2453 | Sewer    | Entered a sewer
  2600 | Sewer    | Learned a level 3 spell: Call Canine Familiar
  2905 | Sewer    | Reached skill level 5 in Summonings
  3204 | D:3      | Reached XP level 5. HP: 9/21 MP: 1/9
  3661 | D:3      | Reached skill level 5 in Dodging
  4338 | D:4      | Upgraded the game from 0.25-a0-36-g303dd5b1f4 to
                  | 0.25-a0-41-g6cf4ce537d
  4693 | D:4      | Found a staircase to the Ecumenical Temple.
  4704 | Temple   | Entered the Ecumenical Temple
  4718 | Temple   | Became a worshipper of Vehumet
  4798 | D:4      | Found a stormy altar of Qazlal.
  4948 | D:4      | Found a burning altar of Makhleb.
  5176 | D:5      | Entered Level 5 of the Dungeon
  5203 | D:5      | Gained mutation: You are covered in thick fur. (AC +2)
                  | [Felid growth]
  5203 | D:5      | Reached XP level 6. HP: 19/24 MP: 6/10
  5222 | D:5      | Found a sand-covered staircase.
  5239 | Ossuary  | Entered an ossuary
  5239 | Ossuary  | Noticed a wraith
  5239 | Ossuary  | Noticed a wraith
  5239 | Ossuary  | Noticed a wraith
  5322 | Ossuary  | Noticed a wraith
  5336 | Ossuary  | Slain by a wraith
  5337 | Ossuary  | Reached XP level 5. HP: -2/21 MP: 3/9
  5344 | Ossuary  | Reached * piety under Vehumet
  5344 | Ossuary  | Offered knowledge of Flame Tongue by Vehumet.
  5355 | Ossuary  | Learned a level 1 spell: Flame Tongue
  5412 | Ossuary  | Killed a wraith
  5412 | Ossuary  | Reached skill level 5 in Stealth
  5568 | D:5      | Reached XP level 6. HP: 20/24 MP: 6/10
  5639 | D:5      | Found Xeud's General Store.
  5739 | D:5      | Reached skill level 1 in Fire Magic
  6672 | D:5      | You fall into a shaft and drop 2 floors!
  6672 | D:7      | Found a sparkling altar of Nemelex Xobeh.
  6672 | D:7      | Found a hide-covered altar of Uskayaw.
  6673 | D:7      | Noticed an ice beast
  6701 | D:6      | Offered knowledge of Sandblast by Vehumet.
  6786 | D:6      | Reached XP level 7. HP: 15/27 MP: 7/12
  7162 | D:6      | Learned a level 4 spell: Summon Ice Beast
  7437 | D:6      | Reached ** piety under Vehumet
  8656 | D:6      | Found a blossoming altar of Fedhas.
  8968 | D:7      | Killed from afar by an orc priest
  8969 | D:7      | Reached XP level 6. HP: -2/24 MP: 11/13
  9028 | D:7      | Reached XP level 7. HP: 4/27 MP: 12/14
  9173 | D:7      | Found a basalt altar of Yredelemnul.
  9177 | D:7      | Offered knowledge of Conjure Flame by Vehumet.
  9182 | D:7      | Learned a level 3 spell: Conjure Flame
  9321 | D:7      | Reached skill level 5 in Spellcasting
  9447 | D:7      | Slain by a killer bee

Levels and vault maps discovered:
D:1:      ncdulo_watergridlock, layout_basic, serial_curves, eino_curves_03,
          eino_curves_04
D:2:      layout_basic, xom_butterflies, serial_corexii_hall,
          chequers_hall_statues_wall_a, chequers_hall_statues_corner_a,
          corexii_hall_statues_t, corexii_hall_statues_x, grunt_ministairs_1
D:3:      layout_basic, portal_sewer_entry_e
D:4:      layout_loops_ring, lemuel_coloured_pillars_altar, lemuel_round_altar,
          minmay_temple_entry_sparse_star
D:5:      layout_basic, nicolae_overflow_crystal_walls, serial_shops,
          nicolae_shop_behind_doors, first_ration, enter_ossuary_4
D:6:      corexii_shantytown, layout_basic, fedhas_altar_1
D:7:      layout_cave_pools, lemuel_crystal_altar,
          nemelex_xobeh_ov_fountains_minmay, lemuel_crystal_altar, serial_shops,
          nicolae_shop_temple_entry_statues_fountains, serial_gnoll_camp,
          gnoll_camp_mini_doghouse, gnoll_camp_mini_house, gnoll_camp_mini_hut,
          gnoll_camp_mini_loothouse, gnoll_camp_mini_basic
Temple:   nicolae_temple_no_exploring_needed

Skill      XL: |  1  2  3  4  5  6  7 |
---------------+----------------------+-----
Dodging        | 3 4 6 |  6.1
Stealth        | 3 4 5 |  5.0
Summonings     | 5 6 |  6.0
Fire Magic     | 4 3 |  4.6
Spellcasting   | 3 5 |  5.1

Action                   |  1- 3 |  4- 6 |  7- 9 || total
-------------------------+-------+-------+-------++-------
Melee: Unarmed           |    74 |   271 |   110 ||   455
       Bite              |     3 |    23 |     3 ||    29
 Cast: Summon Small Mamm |     9 |       |       ||     9
       Call Imp          |    22 |    33 |    14 ||    69
       Call Canine Famil |       |    23 |    17 ||    40
       Flame Tongue      |       |    10 |    49 ||    59
Evoke: Wand              |     1 |     5 |       ||     6
  Use: Scroll            |     3 |    13 |     2 ||    18
       Potion            |       |     4 |     1 ||     5
 Stab: Sleeping          |     5 |    13 |     1 ||    19
       Distracted        |       |     3 |     1 ||     4
  Eat: Chunk             |     4 |    13 |    11 ||    28
Armor: Skin              |    12 |    15 |    17 ||    44
Dodge: Dodged            |   125 |   299 |   140 ||   564

Table legend:
 A = Non-vault XP
 B = Vault XP
 C = Vault XP percentage of total XP
 D = Non-vault monster count
 E = Vault monster count
 F = Vault count percentage of total count
                 A         B        C        D         E       F
            +---------+---------+-------+---------+---------+-------
      Total |    1557 |     330 |  17.5 |     124 |      81 |  39.5
            +---------+---------+-------+---------+---------+-------
        D:1 |      44 |       0 |   0.0 |      29 |       0 |   0.0
        D:2 |      25 |       2 |   7.4 |       6 |       2 |  25.0
        D:3 |     185 |       0 |   0.0 |      36 |       0 |   0.0
        D:4 |      91 |       0 |   0.0 |      13 |       0 |   0.0
        D:5 |     388 |       2 |   0.5 |      17 |       2 |  10.5
        D:6 |     299 |      49 |  14.1 |       7 |      27 |  79.4
        D:7 |     525 |      86 |  14.1 |      16 |       7 |  30.4
      Sewer |       0 |      21 | 100.0 |       0 |      16 | 100.0
    Ossuary |       0 |     170 | 100.0 |       0 |      27 | 100.0
            +---------+---------+-------+---------+---------+-------
